 Dungeon Crawl Stone Soup version 0.31-a0-366-ga77b45bd9b (webtiles) character file.

Game seed: 12903197675646827742

2284 Bnni the Skirmisher (level 9, -3/81 HPs)
             Began as a Red Draconian Hunter on July 28, 2023.
             Was a Follower of Okawaru.
             Slain by an ice beast (5 damage)
             ... on level 8 of the Dungeon.
             The game lasted 00:10:09 (6337 turns).

Bnni the Skirmisher (Red Draconian Hunter)          Turns: 6337, Time: 00:10:09

Health: -3/81      AC:  7    Str: 14    XL:     9   Next: 17%
Magic:  11/11      EV: 13    Int:  9    God:    Okawaru [*.....]
Gold:   389        SH:  0    Dex: 25    Spells: 8/8 levels left

rFire   + . .        K - +0 orcbow
rCold   + . .        (shield currently unavailable)
rNeg    . . .        (body armour unavailable)
rPois   .            (helmet restricted)
rElec   .            (no cloak)
rCorr   .            (no gloves)
SInv    .            (no boots)
Will    .....        L - amulet of the acrobat
Stlth   ++           N - ring of protection from cold
HPRegen 0.33/turn    d - +6 ring of dexterity
MPRegen 0.12/turn

%: acrobat
@: short of breath
A: breathe fire, AC +7, unfitting armour, fire resistance 1, cold-blooded
a: Breathe Fire, Renounce Religion, Heroism


You were on level 8 of the Dungeon.
You worshipped Okawaru.
Okawaru was aware of your devotion.
You visited 2 branches of the dungeon, and saw 9 of its levels.
You also visited: Sewer.

You collected 389 gold pieces.

Inventory:

Hand Weapons
 m - a +1 dagger of speed
 D - a +0 spear of venom
 K - a +0 orcbow (weapon)
Missiles
 C - 2 throwing nets
 H - 6 poisoned darts
 O - a curare-tipped dart
Armour
 f - a +0 tower shield
Jewellery
 d - a +6 ring of dexterity (right hand)
 h - a ring of see invisible
 y - a ring of protection from fire
 B - a ring of willpower
 G - a ring of flight
 L - an amulet of the acrobat (around neck)
 N - a ring of protection from cold (left hand)
Wands
 v - a wand of mindburst (11)
 E - a wand of iceblast (8)
Scrolls
 a - a scroll of fear {unknown}
 b - 2 scrolls of butterflies
 e - 3 scrolls of blinking {unknown}
 g - 2 scrolls of brand weapon {unknown}
 i - a scroll of amnesia {unknown}
 j - 4 scrolls of teleportation {unknown}
 k - a scroll of vulnerability {unknown}
 l - a scroll of torment {unknown}
 q - 3 scrolls of immolation {unknown}
 s - a scroll of fog {unknown}
 A - a scroll of revelation
 J - 3 scrolls of enchant weapon
 M - a scroll of noise {unknown}
Potions
 n - 5 potions of curing
 o - 2 potions of brilliance
 p - 2 potions of enlightenment
 r - 4 potions of mutation
 t - 2 potions of haste
 u - 2 potions of lignification
 w - 3 potions of resistance
 x - a potion of ambrosia
 z - a potion of heal wounds {unknown}
 F - a potion of magic {unknown}
 I - a potion of attraction {unknown}
 P - a potion of invisibility {unknown}


   Skills:
 + Level 7.8 Fighting
 * Level 9.6 Ranged Weapons
 - Level 1.7 Dodging
 - Level 0.8 Stealth
 + Level 3.0 Invocations


You had 8 spell levels left.
You didn't know any spells.
Your spell library contained the following spells:

 Spells                   Type           Power      Damage    Failure   Level
 Apportation              Tloc           0%         N/A       38%         1
 Necrotise                Necr           0%         1d4       38%         1
 Cigotuvi's Dreadful Rot  Necr/Pois/Air  0%         N/A       52%         2
 Passwall                 Tmut/Erth      0%         N/A       52%         2
 Poisonous Vapours        Pois/Air       0%         N/A       52%         2
 Mephitic Cloud           Conj/Pois/Air  0%         N/A       77%         3
 Dispel Undead            Necr           0%         3d6       99%         4
 Passage of Golubria      Tloc           0%         N/A       99%         4
 Freezing Cloud           Conj/Ice/Air   0%         6-21      100%        5
 Silence                  Hex/Air        0%         N/A       100%        5
 Yara's Violent Unravell  Hex/Tmut       0%         3d3       100%        5
 Discord                  Hex            0%         N/A       100%        8
 Summon Small Mammal      Summ           Unusable   N/A       N/A         1
 Summon Guardian Golem    Hex/Summ       Unusable   N/A       N/A         3
 Tukima's Dance           Hex            Unusable   N/A       N/A         3
 Death Channel            Necr           Unusable   N/A       N/A         6

Dungeon Overview and Level Annotations

Branches:
Dungeon (8/15)             Temple (1/1) D:6           Sewer (visited)
   Lair: D:8-11

Altars:
Ashenzari
Cheibriados
Dithmenos
Elyvilon
Fedhas
Gozag
Hepliaklqana
Makhleb
Nemelex Xobeh
Okawaru
Qazlal
Ru
Sif Muna
Trog
Uskayaw
Vehumet
Wu Jian
Xom
Yredelemnul
Zin
The Shining One


Innate Abilities, Weirdness & Mutations

You can breathe blasts of fire.
Your fiery red scales are hard. (AC +7)
You cannot fit into any form of body armour.
Your flesh is heat resistant. (rF+)
You are cold-blooded and may be slowed by cold attacks.


Message History

The gnoll hits you but does no damage. The ice beast hits you.
The ice beast freezes you. You resist.
You shoot an arrow. The arrow hits the ice beast!!
The ice beast is severely wounded.
The centaur shoots an arrow.
The arrow hits you. The gnoll misses you.
The gnoll hits you from afar with a +0 spear.
The ice beast hits you but does no damage.
The centaur shoots an arrow.
The arrow closely misses you.
Fire: K) +0 orcbow
Press: ? - help, Shift-Dir - straight line, f - centaur, p - ice beast
Aim: a centaur, wielding a +0 shortbow (76% to hit)
You shoot an arrow.
The arrow hits the centaur but does no damage.
The centaur shoots an arrow.
The arrow hits you! The gnoll barely misses you. The gnoll closely misses you.
The ice beast misses you.
Fire: K) +0 orcbow
Press: ? - help, Shift-Dir - straight line, f/p - centaur
Aim: a centaur, wielding a +0 shortbow (76% to hit)
You shoot an arrow. The arrow hits the centaur.
The centaur is lightly wounded.
The centaur shoots an arrow.
The arrow hits you.
The gnoll hits you from afar with a +0 halberd.
* * * LOW HITPOINT WARNING * * *
The gnoll hits you from afar with a +0 spear.
* * * LOW HITPOINT WARNING * * *
The ice beast hits you but does no damage.
The centaur shoots an arrow.
The arrow hits you but does no damage.
Fire: K) +0 orcbow
Press: ? - help, Shift-Dir - straight line, f/p - centaur
Aim: a centaur, wielding a +0 shortbow (lightly wounded, 76% to hit)
You shoot an arrow. The arrow barely misses the centaur.
The centaur shoots an arrow.
The arrow hits you!
* * * LOW HITPOINT WARNING * * *
The gnoll closely misses you.
The gnoll hits you from afar with a +0 spear.
* * * LOW HITPOINT WARNING * * *
The ice beast hits you.
* * * LOW HITPOINT WARNING * * *
The ice beast freezes you. You resist.
You die...

..... .... ...
).# #.. #gg##
#†Y## #@.##
####...#
###<.....##
###..[......#
#.........#..#
#....)....##..#
##.......##
#.c# #....[.##
... ##....## ..


You could see an ice beast, a centaur and 2 gnolls.

Vanquished Creatures
  A water moccasin (Sewer)
  3 orc warriors
  A black bear (D:6)
  An ice beast (D:7)
  A sky beast (D:6)
  An ogre (D:7)
  2 centaurs
  2 phantoms
  A kobold brigand (D:7)
  2 bullfrogs (D:7)
  2 scorpions
  A howler monkey (D:8)
  4 hounds
  2 jellies
  5 orc priests
  A gnoll bouda (D:6)
  2 iguanas
  2 orc wizards
  8 adders
  17 gnolls
  A shadow imp (D:6)
  2 white imps
  An ufetubus (D:5)
  5 worms
  8 dart slugs
  16 orcs
  5 ball pythons
  A bat (D:1)
  3 endoplasms
  4 giant cockroaches
  7 goblins
  10 hobgoblins
  17 jackals
  4 frilled lizards
  19 kobolds
  7 rats
169 creatures vanquished.

Notes
Turn   | Place    | Note
-------+----------+-------------------------------------------
     0 | D:1      | Bnni the Draconian Hunter began the quest for the Orb.
     0 | D:1      | Reached XP level 1. HP: 17/17 MP: 1/1
    80 | D:1      | Reached XP level 2. HP: 25/25 MP: 2/2
   109 | D:1      | Reached skill level 4 in Ranged Weapons
   269 | D:1      | Reached XP level 3. HP: 30/30 MP: 3/3
   839 | D:2      | Reached XP level 4. HP: 28/38 MP: 4/4
  1291 | D:3      | Found a faded altar of an unknown god.
  1458 | D:3      | Reached skill level 5 in Ranged Weapons
  1652 | D:3      | Reached XP level 5. HP: 44/46 MP: 5/5
  2183 | D:4      | Noticed a phantom
  2192 | D:4      | Killed a phantom
  2334 | D:4      | Reached XP level 6. HP: 53/53 MP: 6/6
  2502 | D:4      | Found a glowing drain.
  2511 | Sewer    | Entered a sewer
  2577 | Sewer    | Noticed a water moccasin
  2588 | Sewer    | Killed a water moccasin
  2589 | Sewer    | Reached skill level 6 in Ranged Weapons
  2847 | D:4      | Reached skill level 5 in Fighting
  3030 | D:4      | Got Inesoac's Grimoire of Evolving Spellbinding
  3074 | D:4      | Your scales start taking on a fiery red colour.
  3074 | D:4      | Reached XP level 7. HP: 52/61 MP: 7/7
  3074 | D:4      | Gained mutation: Your flesh is heat resistant. (rF+) [Red
                  | Draconian growth]
  3307 | D:5      | Entered Level 5 of the Dungeon
  3530 | D:5      | Reached skill level 7 in Ranged Weapons
  4879 | D:6      | Reached XP level 8. HP: 45/71 MP: 8/8
  4994 | D:6      | Reached skill level 8 in Ranged Weapons
  5167 | D:6      | Found a staircase to the Ecumenical Temple.
  5531 | Temple   | Entered the Ecumenical Temple
  5545 | Temple   | Became a worshipper of Warmaster Okawaru
  5604 | D:7      | Reached skill level 9 in Ranged Weapons
  5604 | D:7      | Reached skill level 1 in Invocations
  5720 | D:7      | Reached * piety under Okawaru
  5913 | D:7      | Reached XP level 9. HP: 79/79 MP: 10/10
  6337 | D:8      | HP: 4/81 [gnoll/+0 spear (4)]
  6337 | D:8      | Slain by an ice beast

Illustrated notes

Levels and vault maps discovered:
D:1:      spicycebolla_green_bress_n_ham, layout_basic
D:2:      layout_loops_ring
D:3:      layout_basic, ebering_ecumenical_altar_hall
D:4:      layout_loops_cross, gup_sewer_entry_bowl, minmay_checkerbox
D:5:      corexii_shack_village, layout_layer_cave
D:6:      layout_cave_pools, temple_fountains, kennysheep_pointless_box,
          nicolae_nh_ransacked_shop
D:7:      layout_cave_pools
D:8:      layout_cave_pods, minmay_misc_feat_columns, uniq_grum
Temple:   nicolae_temple_bog_church

Skill      XL: |  1  2  3  4  5  6  7  8  9 |
---------------+----------------------------+-----
Ranged Weapons | 4 5 6 7 9 |  9.6
Fighting       | 3 4 5 6 7 |  7.8
Invocations    | 2 3 |  3.0
Dodging        | |  1.7
Stealth        | |  0.8

Action                     |  1- 3 |  4- 6 |  7- 9 || total
---------------------------+-------+-------+-------++-------
   Fire: Shortbow          |   126 |   214 |   134 ||   474
         Orcbow            |       |       |   142 ||   142
Ability: Breathe Fire      |       |       |     7 ||     7
    Use: Scroll            |       |       |    10 ||    10
 Armour: Skin              |    21 |    30 |    39 ||    90
  Dodge: Dodged            |    28 |    62 |    97 ||   187

Table legend: (Time is in decaauts)
 A = Elapsed time spent in this place.
 B = Non-inter-level travel time spent in this place.
 C = Inter-level travel time spent in this place.
 D = Time resting spent in this place.
 E = Time spent auto-exploring this place.
 F = Levels seen in this place.
 G = Mean time per level.
                   A        B        C        D        E       F      G
               +--------+--------+--------+--------+--------+-----+--------+
         Total |   6410 |   6112 |    298 |    312 |   4627 |  10 |  641.0 |
       Dungeon |   6185 |   5913 |    272 |    252 |   4547 |   8 |  773.1 |
        Temple |     28 |      2 |     26 |      0 |      0 |   1 |   28.0 |
         Sewer |    196 |    196 |      0 |     60 |     79 |   1 |  196.0 |
               +--------+--------+--------+--------+--------+-----+--------+

Top non-repeatable levels by time:
     D:5: 1336 daAuts
     D:4: 1006 daAuts
     D:6: 922 daAuts
     D:3: 920 daAuts
     D:7: 702 daAuts
     D:2: 670 daAuts
     D:1: 578 daAuts
   Sewer: 196 daAuts
     D:8: 48 daAuts
  Temple: 28 daAuts
